 Dungeon Crawl Stone Soup version 0.24-a0-250-g6074511 (webtiles) character file.

Game seed: 11696883997374644253

9991 Borgoz the Covert (level 11, -16/71 HPs)
             Began as a Kobold Gladiator on Apr 14, 2019.
             Was a Follower of Ashenzari.
             Demolished by a death yak (26 damage)
             ... on level 10 of the Dungeon.
             The game lasted 00:17:07 (9632 turns).

Borgoz the Covert (Kobold Gladiator)                Turns: 9632, Time: 00:17:07

Health: -16/71     AC:  7    Str: 14    XL:     11   Next: 84%
Magic:  11/11      EV: 27    Int: 10    God:    Ashenzari [*.....]
Gold:   506        SH:  7    Dex: 21    Spells: 7/10 levels left

rFire    . . .     SeeInvis .   w - +1 dagger (speed)
rCold    . . .     Gourm    .   (shield restricted)
rNeg     . . .     Faith    .   b - +0 leather armour
rPois    .         Spirit   .   c - +1 helmet
rElec    .         Reflect  +   (no cloak)
rCorr    .         Harm     .   (no gloves)
MR       .....                  l - +0 pair of boots
Stlth    +++++.....             F - +3 amulet of reflection
HPRegen  0.21/turn              e - +4 ring of evasion
MPRegen  0.12/turn              v - +4 ring of dexterity

@: no status effects
A: small, large bone plates 1, carnivore, subdued magic 1
a: Curse Item, Scrying, Renounce Religion


You were on level 10 of the Dungeon.
You worshipped Ashenzari.
Ashenzari was aware of your devotion.
You were full.

You visited 2 branches of the dungeon, and saw 11 of its levels.

You collected 506 gold pieces.

Inventory:

Hand Weapons
 a - a +1 rapier
 o - a +2 dagger of flaming
 w - a +1 dagger of speed (weapon)
 E - a +2 dagger of freezing
Missiles
 d - a throwing net (quivered)
Armour
 b - a +0 leather armour (worn)
 c - a +1 helmet (worn)
 l - a +0 pair of boots (worn)
 q - the +0 cloak "Kiulifre" {rC+ rCorr Str+2 Dex-4 Slay+5}
   (You found it on level 8 of the Dungeon)

   It affects your strength (+2).
   It affects your dexterity (-4).
   It affects your accuracy and damage with ranged weapons and melee attacks
   (+5).
   It protects you from cold.
   It provides partial protection from all sources of acid and corrosion.
Jewellery
 e - a +4 ring of evasion (left hand)
 t - an uncursed ring of magical power
 v - a +4 ring of dexterity (right hand)
 F - a +3 amulet of reflection (around neck)
Wands
 f - a wand of iceblast (14)
 C - a wand of flame (16)
 D - a wand of paralysis (13)
Scrolls
 j - 3 scrolls of blinking
 k - a scroll of fog
 m - 4 scrolls of teleportation
 n - 3 scrolls of remove curse
 p - 3 scrolls of magic mapping
 r - 5 scrolls of amnesia
 s - 4 scrolls of fear
Potions
 i - a potion of haste
 x - a potion of flight
Comestibles
 I - a ration


   Skills:
 + Level 9.1 Fighting
 + Level 11.0 Short Blades
 - Level 2.1 Throwing
 + Level 6.6 Armour
 + Level 10.2 Dodging
 + Level 11.1 Stealth


You had 7 spell levels left.
You knew the following spells:

 Your Spells              Type           Power        Failure   Level  Hunger
a - Confuse               Hex            #.......     77%         3    ####...

Your spell library contained the following spells:

 Spells                   Type           Power        Failure   Level  Hunger
 Animate Skeleton         Necr           N/A          38%         1    ##.....
 Apportation              Tloc           #.....       38%         1    ##.....
 Confusing Touch          Hex            #.....       38%         1    ##.....
 Corona                   Hex            #......      38%         1    ##.....
 Sandblast                Erth           #.....       38%         1    ##.....
 Summon Small Mammal      Summ           #...         38%         1    ##.....
 Ensorcelled Hibernation  Hex/Ice        #.....       52%         2    ###....
 Passwall                 Tmut/Erth      #.......     52%         2    ###....
 Dazzling Spray           Conj/Hex       #.....       77%         3    ####...
 Stone Arrow              Conj/Erth      #.....       77%         3    ####...
 Tukima's Dance           Hex            #.......     77%         3    ####...
 Petrify                  Tmut/Erth      #.......     99%         4    #####..
 Lee's Rapid Deconstruct  Erth           #.........   100%        5    ######.


Dungeon Overview and Level Annotations

Branches:
Dungeon (10/15)            Temple (1/1) D:7            Lair (0/6) D:10
    Orc (0/2) D:9

Altars:
Ashenzari
Cheibriados
Dithmenos
Elyvilon
Fedhas
Gozag
Hepliaklqana
Kikubaaqudgha
Makhleb
Nemelex Xobeh
Okawaru
Qazlal
Ru
Sif Muna
Trog
Uskayaw
Vehumet
Wu Jian
Xom
Yredelemnul
Zin
The Shining One
Lugonu

Shops:
D:6 %   D:7 %   D:8 *%


Innate Abilities, Weirdness & Mutations

You are small and have problems with some larger weapons.
You are carnivorous and can eat meat at any time.
You are partially covered in large bone plates. (SH +4)
Your spells are a little easier to cast, but a little less powerful.


Message History

You hit the death yak but do no damage.
The death yak is severely wounded.
The death yak struggles against the net.
You hit the death yak.
The death yak is severely wounded.
You strike the helpless death yak from behind!
You impale the death yak!!
You kill the death yak!
Your Short Blades skill increases to level 11!
The death yak gores you!!
* * * LOW HITPOINT WARNING * * *
You block the death yak's attack.
Things that are here:
a throwing net; a death yak corpse You hit the death yak.
The death yak is lightly wounded.
The death yak gores you!
* * * LOW HITPOINT WARNING * * *
The death yak gores you!!
You die...

....#....####.#
..............#
......#......##
.............#
.............## #
...[.......$..#
.#
.##+#.........#
..
#........Y###.#.#
#.........#
#........Y###.#.#
#.........# #
#.........#
..........#
#........)#
##........#
##........


You could see 3 death yaks.

Vanquished Creatures
  A hydra (D:9)
  2 two-headed ogres
  6 death yaks
  Pikel (D:9)
  A troll (D:9)
  Grinder (D:6)
  A hippogriff (D:7)
  2 hungry ghosts (D:9)
  A two-headed ogre zombie (D:9)
  A water moccasin (D:8)
  2 sky beasts (D:6)
  3 ogres
  2 phantoms (D:9)
  A black bear (D:7)
  A slave (D:9)
  An ice beast (D:6)
  2 necrophages
  2 centaurs
  2 big kobolds
  7 scorpions
  A troll zombie (D:9)
  3 howler monkeys (D:7)
  2 bullfrog zombies
  4 jellies
  A bullfrog skeleton (D:9)
  4 hounds
  An iguana (D:9)
  3 orc wizards
  6 worker ants
  6 ogre zombies (D:9)
  A hound zombie (D:9)
  2 hound skeletons
  A worker ant zombie (D:6)
  3 gnolls (D:9)
  9 adders
  A shadow imp (D:8)
  An ooze (D:2)
  3 adder skeletons
  4 worms
  2 dart slugs
  9 leopard geckos
  17 orcs
  9 goblins
  8 hobgoblins
  13 jackals
  5 quokkas
  3 ball pythons
  4 bats
  5 frilled lizards
  5 goblin skeletons (D:9)
  2 goblin zombies (D:9)
  A hobgoblin skeleton (D:9)
  9 kobolds
  A leopard gecko zombie (D:7)
  2 orc skeletons (D:9)
  15 orc zombies (D:9)
  A quokka skeleton (D:6)
  7 rats
214 creatures vanquished.

Vanquished Creatures (others)
  An adder (D:9)
1 creature vanquished.

Grand Total: 215 creatures vanquished

Notes
Turn   | Place    | Note
-------+----------+-------------------------------------------
     0 | D:1      | Borgoz the Kobold Gladiator began the quest for the Orb.
     0 | D:1      | Reached XP level 1. HP: 12/12 MP: 1/1
   103 | D:1      | Reached XP level 2. HP: 9/18 MP: 2/2
   288 | D:1      | Reached skill level 1 in Stealth
   339 | D:1      | Reached XP level 3. HP: 15/22 MP: 3/3
   660 | D:1      | Found a sparkling altar of Nemelex Xobeh.
  1090 | D:2      | Found a bloodstained altar of Trog.
  1094 | D:2      | Reached skill level 1 in Armour
  1094 | D:2      | Reached XP level 4. HP: 27/27 MP: 4/4
  1186 | D:2      | Found a deep blue altar of Sif Muna.
  1783 | D:3      | Found a shimmering altar of Xom.
  1793 | D:3      | Reached XP level 5. HP: 29/32 MP: 5/5
  2048 | D:3      | Found a blossoming altar of Fedhas.
  2050 | D:3      | Found an ancient bone altar of Kikubaaqudgha.
  2322 | D:4      | Reached skill level 5 in Short Blades
  2371 | D:4      | Found a blossoming altar of Fedhas.
  2393 | D:4      | Reached XP level 6. HP: 33/37 MP: 6/6
  2790 | D:4      | Noticed an ogre
  2791 | D:4      | Found a sparkling altar of Nemelex Xobeh.
  2819 | D:4      | Killed an ogre
  2819 | D:4      | Reached skill level 5 in Dodging
  3009 | D:4      | Found a shattered altar of Ashenzari.
  3020 | D:4      | Reached XP level 7. HP: 42/42 MP: 7/7
  3033 | D:4      | Became a worshipper of Ashenzari the Shackled
  3521 | D:5      | Entered Level 5 of the Dungeon
  4055 | D:5      | Reached XP level 8. HP: 42/48 MP: 8/8
  4088 | D:5      | Found a basalt altar of Yredelemnul.
  4298 | D:6      | Reached skill level 5 in Stealth
  4478 | D:6      | Reached skill level 5 in Fighting
  4508 | D:6      | Found a white marble altar of Elyvilon.
  4825 | D:6      | Found Edwai's Food Boutique.
  4912 | D:6      | Noticed Grinder
  4972 | D:6      | Killed Grinder
  4972 | D:6      | Reached XP level 9. HP: 24/54 MP: 9/9
  5188 | D:7      | Found a staircase to the Ecumenical Temple.
  5280 | D:7      | Noticed a two-headed ogre
  5283 | D:7      | Reached * piety under Ashenzari
  5298 | D:7      | Killed a two-headed ogre
  5353 | D:6      | Learned a level 3 spell: Confuse
  5628 | D:7      | Found Wiwyri's Food Boutique.
  5630 | Temple   | Entered the Ecumenical Temple
  5773 | D:7      | Found a burning altar of Makhleb.
  5848 | D:7      | Found an opulent altar of Gozag.
  5866 | D:7      | Noticed a hippogriff
  5933 | D:7      | Gained mutation: Your spells are a little easier to cast,
                  | but a little less powerful. [potion of mutation]
  5933 | D:7      | Gained mutation: You are partially covered in large bone
                  | plates. (SH +4) [potion of mutation]
  5936 | D:7      | Killed a hippogriff
  6283 | D:7      | Found a shadowy altar of Dithmenos.
  6424 | D:8      | Got the uncursed cloak "Kiulifre" {rC+ rCorr Str+2 Dex-4
                  | Slay+5}
  6430 | D:8      | Identified the +0 cloak "Kiulifre" {rC+ rCorr Str+2 Dex-4
                  | Slay+5} (You found it on level 8 of the Dungeon)
  6466 | D:8      | Reached XP level 10. HP: 40/61 MP: 10/10
  6972 | D:8      | Found Xafuann's Food Shop.
  7032 | D:8      | Found Zufe's Changing Room.
  7106 | D:8      | Found a radiant altar of Vehumet.
  7106 | D:8      | Found a snail-covered altar of Cheibriados.
  7190 | D:9      | Reached skill level 5 in Armour
  7239 | D:9      | Found a staircase to the Orcish Mines.
  7912 | D:9      | Noticed a two-headed ogre
  7931 | D:9      | Killed a two-headed ogre
  8059 | D:9      | Noticed an eight-headed hydra
  8060 | D:9      | Noticed Pikel
  8070 | D:9      | Killed an eight-headed hydra
  8070 | D:9      | Reached skill level 10 in Short Blades
  8070 | D:9      | Reached XP level 11. HP: 43/68 MP: 11/11
  8097 | D:9      | Killed Pikel
  8097 | D:9      | Reached skill level 10 in Stealth
  8423 | D:9      | Found a glowing silver altar of Zin.
  8569 | D:10     | Entered Level 10 of the Dungeon
  8571 | D:10     | Noticed a death yak
  8573 | D:10     | Found a staircase to the Lair.
  8573 | D:10     | Noticed a death yak
  8576 | D:10     | Noticed a death yak
  8576 | D:10     | Noticed a death yak
  8576 | D:10     | Noticed a death yak
  8577 | D:10     | Noticed a death yak
  8577 | D:10     | Noticed a death yak
  8577 | D:10     | Noticed a death yak
  8578 | D:10     | Noticed a death yak
  8607 | D:10     | Killed a death yak
  8653 | D:9      | Killed a death yak
  8975 | D:9      | Killed a death yak
  9361 | D:9      | Killed a death yak
  9361 | D:9      | Reached skill level 10 in Dodging
  9612 | D:10     | Killed a death yak
  9630 | D:10     | Killed a death yak
  9632 | D:10     | Demolished by a death yak

Levels and vault maps discovered:
D:1:      scummos_arrival_hexagon, layout_basic, serial_curves, eino_curves_03,
          eino_curves_02, nemelex_diamond_rough_becter
D:2:      layout_loops_ring, old_standard_altar, lemuel_crystal_altar
D:3:      layout_loops_ring, grunt_temple_overflow_growth_and_decay,
          lemuel_doored_altar, first_ration, mrwooster_statue_mirror
D:4:      layout_basic, nemelex_xobeh_ov_fountains_minmay, lemuel_crystal_altar,
          chequers_serial_rivers_micro_e, fedhas_altar_2
D:5:      cheibrodos_quashed, layout_loops_ring, yredelemnul_altar_generic,
          serial_rivers, chequers_serial_rivers_room_b,
          chequers_serial_rivers_room_b, chequers_serial_rivers_micro_b,
          chequers_serial_rivers_micro_d, chequers_serial_rivers_micro_c,
          chequers_serial_rivers_micro_e
D:6:      layout_loops_cross, elyvilon_altar_4, serial_shops, shop, uniq_grinder
D:7:      layout_rooms, kennysheep_mini,
          nicolae_gozag_cash_rules_everything_around_me, kennysheep_little_box,
          temple_fountains, serial_shops, nicolae_shop_crystal
D:8:      layout_rooms, gammafunk_temple_overflow_pools, serial_shops,
          nicolae_shop_waterfront, blue_anna_alchemist [blue_anna_fruit_fields,
          blue_anna_fruit_fields], nicolae_transmutations_shop,
          grunt_decor_fettered, chequers_serial_rivers_micro_b,
          minmay_misc_feat_tiny
D:9:      layout_roguey, overflow_temple_1_default, zombieorc2_lemuel,
          uniq_pikel
D:10:     layout_basic, dpeg_lair_monsters, corner_web_ring,
          minmay_fractal_squares_gapless_7
Temple:   corrupted_temple

Skill      XL: |  1  2  3  4  5  6  7  8  9 10 11 |
---------------+----------------------------------+-----
Stealth        | 1 2 3 4 6 8 9 11 | 11.1
Dodging        | 4 5 6 7 9 10 | 10.2
Armour         | 1 2 3 4 5 6 |  6.6
Fighting       | 3 4 5 6 8 9 |  9.1
Short Blades   | 5 6 7 8 10 11 | 11.0
Throwing       | |  2.1

Action                   |  1- 3 |  4- 6 |  7- 9 | 10-12 || total
-------------------------+-------+-------+-------+-------++-------
Melee: Rapier            |    72 |       |       |       ||    72
       Dagger            |    29 |   241 |   612 |   517 ||  1399
Throw: Throwing net      |       |     1 |       |     9 ||    10
Evoke: Wand              |       |       |       |     5 ||     5
  Use: Potion            |       |       |    13 |     1 ||    14
       Scroll            |       |       |       |    12 ||    12
 Stab: Sleeping          |     1 |     8 |    11 |     6 ||    26
       Held in net/web   |       |     1 |       |    13 ||    14
       Distracted        |       |       |     3 |     1 ||     4
  Eat: Chunk             |     7 |     8 |    10 |    10 ||    35
Armor: Leather armour    |     7 |    10 |    29 |    31 ||    77
       Skin              |       |       |     5 |       ||     5
Dodge: Dodged            |   107 |   115 |   356 |   195 ||   773
Block: Other             |       |       |     2 |    35 ||    37

Table legend:
 A = Non-vault XP
 B = Vault XP
 C = Vault XP percentage of total XP
 D = Non-vault monster count
 E = Vault monster count
 F = Vault count percentage of total count
                 A         B        C        D         E       F
            +---------+---------+-------+---------+---------+-------
      Total |    6996 |    7278 |  51.0 |     168 |      45 |  21.1
            +---------+---------+-------+---------+---------+-------
        D:1 |      42 |       0 |   0.0 |      22 |       0 |   0.0
        D:2 |      54 |       0 |   0.0 |      21 |       0 |   0.0
        D:3 |      76 |       0 |   0.0 |      20 |       0 |   0.0
        D:4 |     559 |       0 |   0.0 |      22 |       0 |   0.0
        D:5 |     287 |       0 |   0.0 |      11 |       0 |   0.0
        D:6 |     746 |     281 |  27.4 |      18 |       1 |   5.3
        D:7 |    1697 |       0 |   0.0 |      18 |       0 |   0.0
        D:8 |     686 |      91 |  11.7 |      16 |       1 |   5.9
        D:9 |    2849 |    4211 |  59.6 |      20 |      40 |  66.7
       D:10 |       0 |    2695 | 100.0 |       0 |       3 | 100.0
            +---------+---------+-------+---------+---------+-------
